 Dungeon Crawl Stone Soup version 0.25.1-2-g60ff931df9 (webtiles) character file.

Game seed: 10675012249890459945

2112 mcf the Slasher (level 9, -3/68 HPs)
             Began as a Human Fighter on Aug 7, 2020.
             Was a Believer of Nemelex Xobeh.
             Slain by a troll (12 damage)
             ... on level 7 of the Dungeon.
             The game lasted 00:51:01 (7215 turns).

mcf the Slasher (Human Fighter)                     Turns: 7215, Time: 00:51:06

Health: -3/68      AC: 20    Str: 14    XL:     9   Next: 53%
Magic:  9/9        EV:  5    Int:  9    God:    Nemelex Xobeh [**....]
Gold:   115        SH:  0    Dex: 13    Spells: 8/8 levels left

rFire    . . .     SeeInvis .   a - +3 halberd
rCold    + . .     Gourm    .   (shield currently unavailable)
rNeg     . . .     Faith    .   N - +0 plate armour of the Valley of Death {rC+ Regen+ Str-5 Stlth+}
rPois    .         Spirit   .   e - +1 helmet
rElec    .         Reflect  .   v - scarf {harm}
rCorr    .         Harm     +   (no gloves)
MR       .....                  A - +0 pair of boots
Stlth    ..........             (no amulet)
HPRegen  0.61/turn              G - ring of flight
MPRegen  0.11/turn              B - +4 ring of protection

@: no status effects
A: no striking features
a: Draw Escape, Draw Destruction, Draw Summoning, Renounce Religion, Evoke
Flight


You were on level 7 of the Dungeon.
You worshipped Nemelex Xobeh.
Nemelex Xobeh was pleased with you.
You were not hungry.

You visited 2 branches of the dungeon, and saw 8 of its levels.

You collected 370 gold pieces.
You spent 255 gold pieces at shops.

Inventory:

Hand Weapons
 a - a +3 halberd (weapon)
 b - the +10 hand crossbow "Loisiut" {elec, Str+4}
   (You bought it in a shop on level 6 of the Dungeon)

   It charges the ammunition it shoots with electricity; occasionally upon a
   hit, such missiles may discharge and cause terrible harm.
   It affects your strength (+4).
Missiles
 i - 37 sling bullets
 k - 237 stones (quivered)
 o - 4 large rocks
 p - 39 bolts
 s - 121 arrows
 u - 5 atropa-tipped darts
 x - 5 datura-tipped darts
Armour
 c - a +0 kite shield
 e - a +1 helmet (worn)
 v - a scarf of harm (worn)
 w - a +2 buckler
 y - a +2 robe of magic resistance
 A - a +0 pair of boots (worn)
 J - a +0 cloak
 N - the +0 plate armour of the Valley of Death (worn) {rC+ Regen+ Str-5 Stlth+}
   (You found it on level 5 of the Dungeon)

   It affects your strength (-5).
   It protects you from cold.
   It increases your rate of regeneration.
   It makes you more stealthy.
 R - a scarf of invisibility
Jewellery
 n - an uncursed ring of protection from fire
 B - a +4 ring of protection (right hand)
 G - a ring of flight (left hand)
 T - a +6 ring of strength {unknown}
 U - an uncursed ring of protection from fire
Wands
 L - a wand of digging (7)
 O - a wand of polymorph (8)
 Q - a wand of paralysis (11)
 S - a wand of iceblast (4)
Scrolls
 g - 4 scrolls of remove curse
 h - a scroll of random uselessness
 l - a scroll of enchant armour {unknown}
 r - 7 scrolls of teleportation
 t - a scroll of summoning {unknown}
 z - 2 scrolls of fear {unknown}
 C - 4 scrolls of enchant weapon
 E - a scroll of blinking
 I - a scroll of vulnerability {unknown}
 K - a scroll of amnesia
Potions
 d - 2 potions of might
 j - a potion of stabbing
 m - 2 potions of flight {unknown}
 q - 3 potions of brilliance
 D - a potion of ambrosia
 F - a potion of mutation
 H - 2 potions of heal wounds {unknown}
 M - a potion of haste
 P - 2 potions of curing
Comestibles
 f - 14 rations


   Skills:
 + Level 5.1 Fighting
   Level 6.5 Long Blades
 + Level 5.7 Polearms
 + Level 0.1 Crossbows
 + Level 0.1 Throwing
 + Level 5.5 Armour
 + Level 2.5 Dodging
 + Level 2.0 Stealth
 + Level 4.8 Shields


You had 8 spell levels left.
You didn't know any spells.
Your spell library contained the following spells:

 Spells                   Type           Power        Failure   Level  Hunger
 Animate Skeleton         Necr           N/A          100%        1    ##.....
 Apportation              Tloc           #.....       100%        1    ##.....
 Corona                   Hex            #......      100%        1    ##.....
 Infusion                 Chrm           #...         100%        1    ##.....
 Summon Small Mammal      Summ           #...         100%        1    ##.....
 Shroud of Golubria       Chrm/Tloc      #.....       100%        2    ###....
 Song of Slaying          Chrm           #.......     100%        2    ###....
 Ozocubu's Armour         Chrm/Ice       #.......     100%        3    ####...
 Spectral Weapon          Hex/Chrm       #.......     100%        3    ####...


Dungeon Overview and Level Annotations

Branches:
Dungeon (7/15)             Temple (1/1) D:4

Altars:
Cheibriados
Fedhas
Nemelex Xobeh
Qazlal

Shops:
D:6 (


Message History

The +10 hand crossbow "Loisiut" {elec, Str+4} stops crackling.
a - a +3 halberd (weapon)
Your plate armour of the Valley of Death prevents you from hitting the troll.
The troll is heavily wounded.
The troll bites you but does no damage.
The troll claws you but does no damage. x2
You closely miss the troll.
The troll is heavily wounded.
The troll bites you! The troll claws you but does no damage.
The troll claws you. The troll bites you!
The troll claws you but does no damage. x2
You closely miss the troll.
The troll is heavily wounded.
The troll bites you but does no damage.
The troll claws you but does no damage. x2
You hit the troll.
The troll is heavily wounded.
The troll bites you!
* * * LOW HITPOINT WARNING * * *
The troll claws you but does no damage. The troll claws you!
You die...
Your body disappears without a glow.

#.#.######## #..# ##.#
##.#.......... #.## ###.#
###....########. #.# #....
....#..# #. #.# #.#.. ###....#
#.#### #.# #.### # ##.#.# #.(..#
#.######.### ###....# #.(..#
#.##.>...... ##.....## #T..#
#.##.###.### #.......########@..#
#.##.# #.#
#.............##...###.##.# #.#
..........###.............###.###
#......##.# #.......>............
#.#...###.# #..........######.###
#.##.## #.# ###..<...#.# #.###
#.##.# #.# #........######....
#....# #.#####......###.........
#.#### #.#...#.....## #[########


You could see a troll.

Vanquished Creatures
  Sigmund (D:2)
  An acid dragon (D:5)
  A sky beast (D:6)
  A black bear (D:7)
  An ice beast (D:7)
  3 ogres
  A bullfrog (D:5)
  3 scorpions
  A water moccasin skeleton (D:6)
  A howler monkey (D:4)
  2 crimson imps (D:6)
  3 jellies
  2 hounds
  An orc priest (D:4)
  A bullfrog skeleton (D:4)
  Jessica (D:2)
  Ijyb (D:4)
  Terence (D:3)
  2 orc wizards (D:4)
  7 worker ants
  Natasha (twice) (D:3)
  2 iguanas
  2 worker ant zombies
  9 gnolls
  11 adders
  A shadow imp (D:7)
  2 oozes
  7 worms
  4 dart slugs
  2 leopard geckos (D:2)
  11 orcs
  15 giant cockroaches
  10 hobgoblins
  8 jackals
  4 quokkas
  10 bats
  6 frilled lizards
  5 goblins
  9 kobolds
  A leopard gecko skeleton (D:4)
  A quokka skeleton (D:5)
  A quokka zombie (D:5)
  8 rats
166 creatures vanquished.

Notes
Turn   | Place    | Note
-------+----------+-------------------------------------------
     0 | D:1      | mcf the Human Fighter began the quest for the Orb.
     0 | D:1      | Reached XP level 1. HP: 18/18 MP: 1/1
   241 | D:1      | Reached XP level 2. HP: 24/24 MP: 2/2
   915 | D:2      | Reached XP level 3. HP: 29/29 MP: 3/3
   954 | D:2      | Found a stormy altar of Qazlal.
  1067 | D:2      | Reached XP level 4. HP: 12/36 MP: 4/4
  1292 | D:2      | Reached skill level 3 in Long Blades
  1510 | D:2      | Noticed Jessica
  1534 | D:2      | Killed Jessica
  1534 | D:2      | Reached XP level 5. HP: 26/41 MP: 5/5
  2175 | D:2      | Noticed Sigmund
  2195 | D:2      | Killed Sigmund
  2195 | D:2      | Reached skill level 4 in Long Blades
  2195 | D:2      | Reached skill level 1 in Dodging
  2195 | D:2      | Reached XP level 6. HP: 46/48 MP: 6/6
  2942 | D:3      | Noticed Natasha
  2959 | D:3      | Reached XP level 7. HP: 54/54 MP: 7/7
  2974 | D:3      | Killed Natasha
  3020 | D:3      | Noticed Natasha
  3050 | D:3      | Killed Natasha
  3082 | D:3      | Reached skill level 5 in Long Blades
  3229 | D:3      | Noticed Terence
  3251 | D:3      | Killed Terence
  3890 | D:3      | Reached XP level 8. HP: 24/60 MP: 8/8
  4094 | D:3      | Reached skill level 6 in Long Blades
  4199 | D:4      | Found a staircase to the Ecumenical Temple.
  4230 | Temple   | Entered the Ecumenical Temple
  4236 | Temple   | Became a worshipper of Nemelex Xobeh the Trickster
  4314 | D:4      | Received a gift from Nemelex Xobeh
  4418 | D:4      | Noticed Ijyb
  4446 | D:4      | Killed Ijyb
  4693 | D:4      | Received a gift from Nemelex Xobeh
  5009 | D:5      | Entered Level 5 of the Dungeon
  5009 | D:5      | Reached * piety under Nemelex Xobeh
  5022 | D:5      | Got a translucent plate armour
  5046 | D:5      | Identified the +0 plate armour of the Valley of Death {rC+
                  | Regen+ Str-5 Stlth+} (You found it on level 5 of the
                  | Dungeon)
  5070 | D:5      | Reached skill level 1 in Polearms
  5766 | D:6      | Reached XP level 9. HP: 63/66 MP: 9/9
  6107 | D:6      | Reached skill level 5 in Polearms
  6117 | D:6      | Reached ** piety under Nemelex Xobeh
  6224 | D:6      | Reached skill level 5 in Armour
  6430 | D:6      | Found Pahyjom's Antique Weapon Shoppe.
  6434 | D:6      | Bought a crude hand crossbow for 255 gold pieces
  6437 | D:6      | Identified the +10 hand crossbow "Loisiut" {elec, Str+4}
                  | (You bought it in a shop on level 6 of the Dungeon)
  6720 | D:7      | Reached skill level 5 in Fighting
  6826 | D:7      | Reached skill level 1 in Stealth
  6982 | D:7      | Received a gift from Nemelex Xobeh
  7206 | D:7      | Noticed a troll
  7215 | D:7      | Slain by a troll

Illustrated notes

Levels and vault maps discovered:
D:1:      dpeg_arrival_arbitrary_c, layout_loops_ring
D:2:      kb_forest_paths, layout_basic, nicolae_qazlal_general_emergency,
          uniq_sigmund, uniq_jessica
D:3:      minmay_roachtagon, layout_basic, uniq_terence, uniq_natasha
D:4:      layout_gridville, minmay_temple_entry_junction,
          kennysheep_cross_bottleneck, uniq_ijyb
D:5:      layout_basic, first_ration
D:6:      layout_basic, serial_shops, nicolae_shop_behind_doors,
          minmay_starry_boxes
D:7:      layout_loops_ring
Temple:   regret_index_temple_sigil_plot

Skill      XL: |  1  2  3  4  5  6  7  8  9 |
---------------+----------------------------+-----
Long Blades    | 3 4 5 6 |  6.5
Dodging        | 1 2 |  2.5
Shields        | 4 |  4.8
Fighting       | 4 5 |  5.1
Armour         | 4 5 |  5.5
Polearms       | 4 5 |  5.7
Stealth        | 2 |  2.0
Crossbows      | |  0.1
Throwing       | |  0.1

Action                   |  1- 3 |  4- 6 |  7- 9 || total
-------------------------+-------+-------+-------++-------
Melee: Long sword        |    95 |   192 |   257 ||   544
       Halberd           |       |       |   233 ||   233
 Fire: Hand crossbow     |       |       |     5 ||     5
Throw: Stone             |       |       |     2 ||     2
Invok: Draw Destruction  |       |       |     4 ||     4
Evoke: Wand              |       |       |     2 ||     2
  Use: Potion            |     2 |       |     1 ||     3
       Scroll            |       |     4 |    10 ||    14
 Stab: Paralysed         |       |       |     1 ||     1
  Eat: Chunk             |       |     6 |     5 ||    11
       Ration            |       |     1 |     3 ||     4
Armor: Scale mail        |    50 |    55 |       ||   105
       Plate armour      |       |    28 |   419 ||   447
Dodge: Dodged            |    36 |    52 |   105 ||   193
Block: Kite shield       |    36 |   111 |   138 ||   285
       Rpst.: Long sword |    11 |    10 |    11 ||    32
